 Dungeon Crawl Stone Soup version 0.29-a0-231-g945431f764 (webtiles) character file.

Game seed: 14435402020407044925

126 sanka the Firebug (level 5, -2/43 HPs)
             Began as a Gnoll Wanderer on Feb 28, 2022.
             Was an Initiate of Yredelemnul.
             Killed by nerve-wracking pain
             ... invoked by an orc priest
              (6 damage)
             ... on level 4 of the Dungeon.
             The game lasted 00:03:52 (2902 turns).

sanka the Firebug (Gnoll Wanderer)                  Turns: 2902, Time: 00:03:52

Health: -2/43      AC:  2    Str: 15    XL:     5   Next: 10%
Magic:  8/9        EV: 12    Int: 12    God:    Yredelemnul [......]
Gold:   21         SH:  0    Dex: 15    Spells: 9/10 levels left

rFire   . . .      SeeInvis .   j - +0 short sword (drain)
rCold   . . .      Faith    .   (no shield)
rNeg    . . .      Spirit   .   c - +0 robe
rPois   .          Reflect  .   (no helmet)
rElec   .          Harm     .   (no cloak)
rCorr   .          Rampage  .   (no gloves)
Will    .....                   (no boots)
Stlth   ++........              (no amulet)
HPRegen 0.14/turn               (no ring)
MPRegen 0.11/turn               h - +6 ring of dexterity

@: no status effects
A: fangs 1, strong nose, distributed training
a: Renounce Religion, Recall Undead Harvest


You were on level 4 of the Dungeon.
You worshipped Yredelemnul.
Yredelemnul was noncommittal.
You visited 1 branch of the dungeon, and saw 4 of its levels.

You collected 120 gold pieces.
You spent 99 gold pieces at shops.


Innate Abilities, Weirdness & Mutations

You have very sharp teeth.
Your uncanny sense of smell can sniff out nearby items.
Your experience applies equally to all skills.


   Skills:
 + Level 4.7 Fighting
 + Level 1.3 Short Blades
 + Level 1.3 Long Blades
 + Level 1.3 Axes
 + Level 2.9 Maces & Flails
 + Level 1.3 Polearms
 + Level 1.3 Staves
 + Level 1.3 Slings
 + Level 1.3 Bows
 + Level 1.3 Crossbows
 + Level 1.3 Throwing
 + Level 4.7 Armour
 + Level 1.3 Dodging
 + Level 1.3 Stealth
 + Level 1.3 Shields
 + Level 1.3 Unarmed Combat
 + Level 3.1 Spellcasting
 + Level 1.1 Conjurations
 + Level 1.1 Hexes
 + Level 1.1 Summonings
 + Level 1.1 Necromancy
 + Level 1.1 Translocations
 + Level 1.1 Transmutations
 + Level 7.1 Fire Magic
 + Level 1.1 Ice Magic
 + Level 1.1 Air Magic
 + Level 1.1 Earth Magic
 + Level 1.1 Poison Magic
 + Level 1.5 Invocations
 + Level 1.3 Evocations


You had 9 spell levels left.
You knew the following spells:

 Your Spells              Type           Power      Damage    Failure   Level
y - Foxfire               Conj/Fire      44%        2x1d6     4%          1

Your spell library contained the following spells:

 Spells                   Type           Power      Damage    Failure   Level
 Inner Flame              Hex/Fire       11%        N/A       13%         3
 Ignite Poison            Fire/Tmut/Pois 9%         N/A       21%         3

Inventory:

Hand Weapons
 a - a +0 mace
 j - a +0 short sword of draining (weapon)
 p - a +0 war axe
Armour
 b - a +0 scale mail
 c - a +0 robe (worn)
Jewellery
 h - a +6 ring of dexterity (right hand)
Wands
 v - a wand of flame (15)
Scrolls
 d - 5 scrolls of identify {unknown}
 e - a scroll of vulnerability {unknown}
 i - 2 scrolls of enchant weapon {unknown}
 l - a scroll of teleportation {unknown}
 m - a scroll of acquirement {unknown}
 n - a scroll of fog {unknown}
 o - 2 scrolls of torment {unknown}
 t - a scroll of blinking {unknown}
Potions
 f - a potion of invisibility {unknown}
 g - 4 potions of curing {unknown}
 k - a potion of attraction {unknown}
 q - 2 potions of heal wounds {@q2}
 r - a potion of might
 s - a potion of cancellation {unknown}
 u - a potion of lignification {unknown}

Dungeon Overview and Level Annotations

Branches:
Dungeon (4/15)
 Temple: D:4-7

Altars:
Yredelemnul

Shops:
D:3

! ...).▒ ▒▒▒▒
..... ....
▒...▒ .....
▒▒...▒▒.....
▒...........
▒............
▒..ooo.......
▒g▒ ...
▒Z▒▒▒▒....
+.........
▒........[
▒.<.......
▒.........
▒.........
▒▒..▒▒▒.[.
▒..▒ ...


You could see an orc priest, an orc wizard (drained, ally target), an orc and a
friendly quokka zombie.


Message History

You barely miss the orc wizard.
The orc wizard is lightly wounded.
The orc barely misses you.
The orc wizard hits you with a +0 dagger.
The orc priest calls upon Beogh to heal the orc wizard.
The orc wizard's wounds heal themselves!
Unknown command.
You miss the orc wizard. The orc misses you. The orc wizard barely misses you.
The orc priest invokes the aid of Beogh against you.
Pain shoots through your body!
* * * LOW HITPOINT WARNING * * *
Unknown command.
You barely miss the orc wizard. The orc hits you with a +0 falchion.
* * * LOW HITPOINT WARNING * * *
The orc wizard completely misses you. The orc priest closely misses you.
You hit the orc wizard but do no damage.
You drain the orc wizard.
The orc wizard is moderately wounded.
The orc hits you with a +0 falchion!
* * * LOW HITPOINT WARNING * * *
The orc wizard hits you with a +0 dagger.
* * * LOW HITPOINT WARNING * * *
The orc priest mumbles some strange prayers to Beogh against you.
Pain shoots through your body!
You die...
Your body rises from the dead as a mindless zombie.

Action                   |  1- 3 |  4- 6 || total
-------------------------+-------+-------++-------
Melee: Mace              |    23 |       ||    23
       Punch             |     2 |     1 ||     3
       Short sword       |    38 |    34 ||    72
       Bite              |     3 |     1 ||     4
 Cast: Foxfire           |    26 |     8 ||    34
 Stab: Sleeping          |     3 |     2 ||     5
       Distracted        |       |     2 ||     2
Armor: Robe              |    11 |     4 ||    15
Dodge: Dodged            |    44 |    15 ||    59

Levels and vault maps discovered:
D:1:      lightli_arrival_chessboard, layout_basic
D:2:      layout_loops_corners, basic_ecumenical_altar
D:3:      layout_basic, serial_shops, nicolae_shop_crystal, uniq_ijyb
D:4:      layout_gridville, zin_statuary, grunt_decor_clamped

Notes
Turn   | Place    | Note
-------+----------+-------------------------------------------
     0 | D:1      | sanka the Gnoll Wanderer began the quest for the Orb.
     0 | D:1      | sanka set off with the following items: a +0 mace, a +0
                  | scale mail; and the following spell memorised: Foxfire; and
                  | the following spells available to memorise: Inner Flame,
                  | Ignite Poison
     0 | D:1      | Reached XP level 1. HP: 20/20 MP: 4/4
   220 | D:1      | Reached XP level 2. HP: 7/26 MP: 1/5
  1560 | D:2      | Reached XP level 3. HP: 31/31 MP: 4/7
  1766 | D:2      | Found a faded altar of an unknown god.
  1797 | D:2      | Prayed at the altar of an unknown god.
  1797 | D:2      | Became a worshipper of Yredelemnul the Dark
  1797 | D:2      | Reached * piety under Yredelemnul
  2046 | D:3      | Reached skill level 1 in Invocations
  2107 | D:3      | Found Ikunus's Distillery.
  2114 | D:3      | Bought a potion of heal wounds for 55 gold pieces
  2114 | D:3      | Bought a potion of might for 44 gold pieces
  2162 | D:3      | Reached skill level 1 in Short Blades
  2162 | D:3      | Reached skill level 1 in Long Blades
  2162 | D:3      | Reached skill level 1 in Axes
  2162 | D:3      | Reached skill level 1 in Polearms
  2162 | D:3      | Reached skill level 1 in Staves
  2162 | D:3      | Reached skill level 1 in Slings
  2162 | D:3      | Reached skill level 1 in Bows
  2162 | D:3      | Reached skill level 1 in Crossbows
  2162 | D:3      | Reached skill level 1 in Throwing
  2162 | D:3      | Reached skill level 1 in Dodging
  2162 | D:3      | Reached skill level 1 in Stealth
  2162 | D:3      | Reached skill level 1 in Shields
  2162 | D:3      | Reached skill level 1 in Unarmed Combat
  2162 | D:3      | Reached skill level 3 in Spellcasting
  2162 | D:3      | Reached skill level 1 in Evocations
  2162 | D:3      | Reached XP level 4. HP: 16/38 MP: 8/8
  2398 | D:3      | Reached skill level 1 in Conjurations
  2398 | D:3      | Reached skill level 1 in Hexes
  2398 | D:3      | Reached skill level 1 in Summonings
  2398 | D:3      | Reached skill level 1 in Necromancy
  2398 | D:3      | Reached skill level 1 in Translocations
  2398 | D:3      | Reached skill level 1 in Transmutations
  2398 | D:3      | Reached skill level 1 in Ice Magic
  2398 | D:3      | Reached skill level 1 in Air Magic
  2398 | D:3      | Reached skill level 1 in Earth Magic
  2398 | D:3      | Reached skill level 1 in Poison Magic
  2479 | D:3      | Reached ** piety under Yredelemnul
  2705 | D:3      | Noticed Ijyb
  2714 | D:3      | Killed Ijyb
  2715 | D:3      | Reached XP level 5. HP: 28/43 MP: 9/9
  2902 | D:4      | HP: 4/43 [orc wizard/+0 dagger (1)]
  2902 | D:4      | Killed from afar by an orc priest

Vanquished Creatures
  An orc priest (D:3)
  Ijyb (D:3)
  2 adders (D:3)
  A worm (D:3)
  4 orcs
  2 ball pythons
  2 endoplasms
  A giant cockroach (D:2)
  6 goblins
  7 jackals
  A quokka (D:4)
  7 bats
  2 frilled lizards
  4 kobolds
  4 rats
45 creatures vanquished.

Vanquished Creatures (collateral kills)
  A giant cockroach (D:2)
  A hobgoblin (D:3)
2 creatures vanquished.

Vanquished Creatures (others)
  57 foxfires
57 creatures vanquished.

Grand Total: 104 creatures vanquished
